 Dungeon Crawl Stone Soup version 0.22.0-32-gbc6daba (console) character file.

79 removed the Conjurer (level 4, 0/36 HPs)
             Began as a Deep Dwarf Wizard on Aug 23, 2018.
             Slain by Natasha (5 damage)
             ... on level 4 of the Dungeon.
             The game lasted 00:02:50 (3294 turns).

removed the Conjurer (Deep Dwarf Wizard)            Turns: 3294, Time: 00:02:50

Health: 0/36       AC:  2    Str: 12    XL:     4   Next: 17%
Magic:  0/8        EV: 12    Int: 18    God:
Gold:   134        SH:  0    Dex: 11    Spells: 7/8 levels left

rFire    . . .     SeeInvis .   a - +0 whip
rCold    . . .     Gourm    +   (no shield)
rNeg     . . .     Faith    .   g - +0 robe
rPois    .         Spirit   .   b - +0 hat
rElec    .         Reflect  .   (no cloak)
rCorr    .         Harm     .   (no gloves)
MR       .....                  (no boots)
Stlth    ++........             u - amulet of the gourmand
HPRegen  0.00/turn              (no ring)
MPRegen  0.11/turn              (no ring)

@: very slightly contaminated, non-regenerating
A: damage resistance, heal wounds, sense surroundings 1, no regeneration
a: Heal Wounds


You were on level 4 of the Dungeon.
You were full.

You visited 1 branch of the dungeon, and saw 4 of its levels.

You collected 134 gold pieces.

Inventory:

Hand Weapons
 a - a +0 whip (weapon)
Missiles
 w - 5 curare-tipped needles
Armour
 b - a +0 hat (worn)
 g - a +0 robe (worn)
Jewellery
 u - an amulet of the gourmand (around neck)
Scrolls
 e - a scroll of random uselessness {unknown}
 f - 2 scrolls of enchant armour {unknown}
 i - a scroll of remove curse {unknown}
 k - 3 scrolls of enchant weapon {unknown}
 q - 2 scrolls of identify {unknown}
 x - a scroll of blinking {unknown}
Potions
 h - 3 potions of curing {unknown}
 j - 3 potions of might {unknown}
 m - a potion of brilliance {unknown}
 o - a potion of flight {unknown}
 s - a potion of haste {unknown}
 t - a potion of invisibility {unknown}
 v - a potion of heal wounds {unknown}
Comestibles
 d - 3 rations


   Skills:
 - Level 2.1 Dodging
 - Level 2.4 Stealth
 - Level 2.6 Spellcasting
 + Level 3.7 Conjurations
   Level 0.8 Summonings
   Level 1.1 Translocations


You had 7 spell levels left.
You knew the following spells:

 Your Spells              Type           Power        Failure   Level  Hunger
a - Magic Dart            Conj           ###.         3%          1    #......

Your spell library contained the following spells:

 Spells                   Type           Power        Failure   Level  Hunger
 Blink                    Tloc           N/A          16%         2    ##.....
 Call Imp                 Summ           #.......     19%         2    ##.....
 Conjure Flame            Conj/Fire      #.......     24%         3    ###....
 Slow                     Hex            #.......     26%         2    ##.....
 Mephitic Cloud           Conj/Pois/Air  #.......     30%         3    ###....


Dungeon Overview and Level Annotations

Branches:
Dungeon (4/15)
 Temple: D:4-7

Altars:

Annotations:
D:3 exclusions: bullfrog and phantom
D:4 Natasha


Innate Abilities, Weirdness & Mutations

You are resistant to damage.
You can heal yourself by infusing magical energy.
You passively map a small area around you.
You do not regenerate.


Message History

Unknown command.
Casting: Magic Dart (safe; 3% risk of failure)
Confirm with . or Enter, or press ? or * to list all spells.
Aiming: Magic Dart (safe; 3% risk of failure)
Press: ? - help, Shift-Dir - straight line, f/p - Natasha
Aim: Natasha (severely wounded)
The magic dart hits Natasha.
Natasha is almost dead.
Natasha closely misses you.
Unknown command.
Casting: Magic Dart (safe; 3% risk of failure)
Confirm with . or Enter, or press ? or * to list all spells.
Aiming: Magic Dart (safe; 3% risk of failure)
Press: ? - help, Shift-Dir - straight line, f/p - Natasha
Aim: Natasha (almost dead)
The magic dart hits Natasha.
Natasha is almost dead.
Natasha growls.
Natasha claws you!
You die...

#..............#
########....####
#.....'....#
#.....#....# , ,
#.....#....# ,, ,
#...###....####+#
#...#####........
,
#.......#........
,,
#.......'@.......
#..######h.......
, #..# ,
.......#+* #..#
........+
#..'...........#
,
#..#...........#
#..#<.....$....#
######.........#
, , .h.. ,


You could see Natasha.

Vanquished Creatures
  An adder (D:2)
  An ooze (D:2)
  2 worms
  2 leopard geckos
  5 bats
  2 giant cockroaches
  10 goblins
  5 hobgoblins
  5 jackals
  A quokka (D:2)
  13 frilled lizards
  5 kobolds
  4 rats
56 creatures vanquished.

Notes
Turn   | Place    | Note
-------+----------+-------------------------------------------
     0 | D:1      | removed the Deep Dwarf Wizard began the quest for the Orb.
     0 | D:1      | Reached XP level 1. HP: 15/15 MP: 4/4
    36 | D:1      | Reached skill level 1 in Conjurations
   320 | D:1      | Reached XP level 2. HP: 16/22 MP: 1/5
   387 | D:1      | Reached skill level 2 in Conjurations
  1333 | D:2      | Reached XP level 3. HP: 20/28 MP: 0/7
  1662 | D:2      | Reached skill level 3 in Conjurations
  2489 | D:3      | Reached XP level 4. HP: 13/36 MP: 1/8
  2573 | D:3      | Noticed a phantom
  2659 | D:3      | Noticed a bullfrog
  3276 | D:4      | Noticed Natasha
  3294 | D:4      | Slain by Natasha

Skill      XL: |  1  2  3 |
---------------+----------+-----
Conjurations   | 1 2 3 |  3.7
Dodging        | |  2.1
Stealth        | |  2.4
Spellcasting   | |  2.6
Summonings     | |  0.8
Translocations | |  1.1

Action                   |  1- 3 |  4- 6 || total
-------------------------+-------+-------++-------
Melee: Unarmed           |    21 |       ||    21
       Whip              |    35 |       ||    35
 Cast: Magic Dart        |    97 |    27 ||   124
  Eat: Chunk             |     5 |    11 ||    16
Armor: Robe              |    10 |       ||    10
Dodge: Dodged            |    47 |     2 ||    49
